 Dungeon Sprint DCSS version 0.29.1-15-g9cfb28693d (webtiles) character file.

Game seed: 1713155602721003949

47 shadowstone the Covered (level 3, 0/26 HPs)
             Began as a Gargoyle Fighter on June 11, 2023.
             Slain by a scorpion (1 damage)
             ... in the Dungeon (Sprint IX: "|||||||||||||||||||||||||||||").
             The game lasted 00:00:12 (60 turns).

shadowstone the Covered (Gargoyle Fighter)            Turns: 60, Time: 00:00:13

Health: 0/26       AC: 10    Str: 21    XL:     3   Next: 70%
Magic:  3/3        EV:  9    Int:  8    God:
Gold:   0          SH:  4    Dex:  9    Spells: 2/2 levels left

rFire   . . .      SeeInvis .   a - +0 flail
rCold   . . .      Faith    .   c - +0 buckler
rNeg    + . .      Spirit   .   b - +0 scale mail
rPois   ∞          Reflect  .   (no helmet)
rElec   +          Harm     .   (no cloak)
rCorr   .          Rampage  .   (no gloves)
Will    .....      NoTele   +   (no boots)
Stlth   ..........              (no amulet)
HPRegen 0.08/turn               (no ring)
MPRegen 0.08/turn               (no ring)

@: no status effects
A: sickness immunity, AC +3, negative energy resistance 1, electricity
resistance, torment resistance 1, petrification resistance
a: no special abilities


You were in the Dungeon.
You visited 1 branch

Inventory:

Hand Weapons
 a - a +0 flail (weapon)
Armour
 b - a +0 scale mail (worn)
 c - a +0 buckler (worn)
Scrolls
 j - a scroll of blinking
Potions
 d - a potion of might
 e - a potion of curing
 f - a potion of heal wounds
 g - a potion of haste
 h - 2 potions of magic
 i - a potion of berserk rage


   Skills:
 + Level 5.0 Fighting
 + Level 3.2 Maces & Flails
 + Level 5.2 Armour
 + Level 0.8 Dodging
 + Level 5.1 Shields


You had 2 spell levels left.
You didn't know any spells.
Your spell library was empty.

Dungeon Overview and Level Annotations

Branches:
Dungeon (1/1)

Altars:


Innate Abilities, Weirdness & Mutations

You are immune to sickness and miasma.
Your stone body is resilient. (AC +3)
You are immune to poison.
You resist negative energy. (rN+)
You are resistant to electric shocks. (rElec)
You are resistant to unholy torment.
You are immune to petrification.


Message History

You closely miss the ufetubus. The ufetubus closely misses you.
The ufetubus hits you.
* * * LOW HITPOINT WARNING * * *
The ufetubus hits you.
* * * LOW HITPOINT WARNING * * *
The ufetubus closely misses you.
You hit the ufetubus but do no damage. The ufetubus closely misses you.
The ufetubus barely misses you.
The ufetubus hits you but does no damage. x2
You closely miss the ufetubus. The ufetubus completely misses you.
The ufetubus hits you but does no damage.
The ufetubus barely misses you.
The ufetubus hits you but does no damage.
You hit the ufetubus but do no damage. You block the ufetubus's attack.
The ufetubus closely misses you. You block the ufetubus's attack.
The ufetubus hits you but does no damage.
You hit the ufetubus.
The ufetubus is lightly wounded.
The ufetubus closely misses you.
The ufetubus hits you but does no damage. x2
The ufetubus hits you.
* * * LOW HITPOINT WARNING * * *
You hit the ufetubus.
The ufetubus is severely wounded.
The ufetubus closely misses you. x4
You miss the ufetubus.
The ufetubus is severely wounded.
The ufetubus misses you. You block the ufetubus's attack.
The ufetubus barely misses you. x2
You hit the ufetubus.
You kill the ufetubus!
Your Fighting skill increases to level 5!
You hit the scorpion.
The scorpion is moderately wounded.
The scorpion barely misses you.
The scorpion stings you but does no damage.
You sock the scorpion!
The scorpion is almost dead.
The scorpion stings you.
You die...

▓+▓
▓.▓
▓.▓
▓.▓
▓.▓
▓o▓
▓s▓
▓@▓
▓.▓
▓.▓
▓.▓
▓.▓
▓†▓
▓.▓
▓.▓
▓.▓


You could see a scorpion and an orc.

Vanquished Creatures
  A hound (D)
  An adder (D)
  An ufetubus (D)
  2 hobgoblins (D)
  2 bats (D)
  A rat (D)
8 creatures vanquished.

Notes
Turn   | Place    | Note
-------+----------+-------------------------------------------
     0 | D        | shadowstone the Gargoyle Fighter began the quest for the
                  | Orb.
     0 | D        | Reached XP level 1. HP: 14/14 MP: 1/1
    30 | D        | Noticed a scorpion
    30 | D        | Noticed a hound
    34 | D        | Reached XP level 2. HP: 18/20 MP: 2/2
    51 | D        | Reached skill level 5 in Armour
    51 | D        | Reached skill level 5 in Shields
    51 | D        | Reached XP level 3. HP: 9/25 MP: 3/3
    55 | D        | HP: 1/25 [ufetubus (3)]
    59 | D        | Reached skill level 5 in Fighting
    60 | D        | Slain by a scorpion

Illustrated notes

Levels and vault maps discovered:
D:        linesprint [early_d, line_temple, items_1, d_10, items_2, lair_1,
          lair_end, items_3, orc_1, orc_end, items_4, d_15, swamp_1, shoals_1,
          snake_1, spider_1, d_20, vaults_1, items_5, swamp_end, shoals_end,
          snake_end, spider_end, vaults_end, d_27, items_6, zot_1, zot_end,
          crypt_end, forest_end, elf_end, slime_end, tomb_end, abyss_end,
          pan_hell_end]

Skill      XL: |  1  2  3 |
---------------+----------+-----
Shields        | 4 5 |  5.1
Fighting       | 4 5 |  5.0
Armour         | 4 5 |  5.2
Maces & Flails | 3 |  3.2
Dodging        | |  0.8

Action                   || total
-------------------------++-------
Melee: Flail             ||    50
Armor: Scale mail        ||    41
Dodge: Dodged            ||    37
Block: Buckler           ||    10
